 Dungeon Crawl Stone Soup version 0.23.2-30-g0e89c35649 (webtiles) character file.

Game seed: 11614020045924478701

22159 mahrnol the Grappler (level 12, -11/111 HPs)
             Began as a Troll Fighter on June 14, 2019.
             Was a High Priest of Wu Jian.
             Mangled by an enormous slime creature (45 damage)
             ... on level 12 of the Dungeon.
             The game lasted 01:00:10 (9138 turns).

mahrnol the Grappler (Troll Fighter)                Turns: 9138, Time: 01:00:10

Health: -11/111    AC: 18    Str: 27    XL:     12   Next: 60%
Magic:  12/12      EV: 10    Int:  5    God:    Wu Jian [*****.]
Gold:   776        SH: 11    Dex: 12    Spells: 11/11 levels left

rFire    x . .     SeeInvis .     - Unarmed
rCold    + + .     Gourm    +   b - +0 shield
rNeg     . . .     Faith    .   L - +0 ice dragon scales
rPois    +         Spirit   .   s - +2 hat
rElec    .         Reflect  .   w - +0 cloak
rCorr    +         Harm     .   (gloves unavailable)
MR       .....                  (boots unavailable)
Stlth    +.........             (no amulet)
HPRegen  0.68/turn              F - ring of poison resistance
MPRegen  0.13/turn              m - ring of resist corrosion

@: no status effects
A: large, unfitting armour, claws 3, fast metabolism 3, gourmand, regeneration
1, shaggy fur 1, tough skin 3
a: Wall Jump, Serpent's Lash, Heavenly Storm, Renounce Religion


You were on level 12 of the Dungeon.
You worshipped Wu Jian.
Wu Jian was extremely pleased with you.
You were completely stuffed.

You visited 2 branches of the dungeon, and saw 13 of its levels.
You also visited: Ossuary and Gauntlet.

You collected 776 gold pieces.

Inventory:

Hand Weapons
 v - a +2 war axe of freezing
 H - a +0 hand axe of flaming
 O - a +1 falchion of holy wrath
 Q - a cursed -3 morningstar
 R - a +2 rapier of holy wrath
Missiles
 f - 3 javelins (quivered)
 i - 19 tomahawks
 o - 6 throwing nets
 t - 16 poisoned javelins
 B - 47 sling bullets
 S - 31 poisoned needles
Armour
 a - a +0 robe
 b - a +0 shield (worn)
 s - a +2 hat (worn)
 w - a +0 cloak (worn)
 L - +0 ice dragon scales (worn)
Magical Staves
 P - an uncursed staff of power {unknown}
Jewellery
 m - a ring of resist corrosion (right claw)
 F - a ring of poison resistance (left claw)
 J - a +4 ring of intelligence
 T - an uncursed ring of stealth
Wands
 r - a wand of flame (23)
 x - a wand of acid (18)
 y - a wand of polymorph (32)
 z - a wand of paralysis (5)
 K - a wand of disintegration (14)
Scrolls
 g - 7 scrolls of teleportation
 k - 4 scrolls of brand weapon {unknown}
 q - 5 scrolls of fog
 u - 7 scrolls of identify
 A - 3 scrolls of amnesia
 C - 5 scrolls of remove curse
 U - a scroll of vulnerability {unknown}
 V - 2 scrolls of enchant armour {unknown}
 W - 3 scrolls of enchant weapon
 X - 6 scrolls of magic mapping
 Y - a scroll of noise {unknown}
Potions
 c - 5 potions of might
 e - a potion of invisibility
 h - 4 potions of brilliance
 j - 3 potions of heal wounds {curing probably}
 n - a potion of berserk rage
 p - 3 potions of lignification {unknown}
 D - 3 potions of haste
 E - 3 potions of degeneration {unknown}
 G - a potion of flight
 I - 2 potions of curing {unknown}
 M - 2 potions of agility {unknown}
 N - 3 potions of magic {unknown}
Comestibles
 d - 32 rations
 l - 18 chunks of flesh


   Skills:
 + Level 5.0 Fighting
 + Level 0.2 Throwing
 + Level 5.5 Armour
 - Level 5.8 Dodging
 + Level 3.0 Stealth
 + Level 7.6 Shields
 + Level 14.8 Unarmed Combat
 + Level 2.0 Evocations


You had 11 spell levels left.
You didn't know any spells.
Your spell library contained the following spells:

 Spells                   Type           Power        Failure   Level  Hunger
 Animate Skeleton         Necr           N/A          87%         1    ##.....
 Magic Dart               Conj           #...         87%         1    ##.....
 Pain                     Necr           #...         87%         1    ##.....
 Blink                    Tloc           N/A          95%         2    ###....
 Call Imp                 Summ           #.......     95%         2    ###....
 Slow                     Hex            #.......     95%         2    ###....
 Conjure Flame            Conj/Fire      #.......     99%         3    ####...
 Mephitic Cloud           Conj/Pois/Air  #.......     99%         3    ####...
 Regeneration             Chrm/Necr      #.........   99%         3    ####...
 Vampiric Draining        Necr           #.........   99%         3    ####...
 Animate Dead             Necr           N/A          100%        4    #####..


Dungeon Overview and Level Annotations

Branches:
Dungeon (12/15)            Temple (1/1) D:6            Lair (0/6) D:11
    Orc (0/2) D:9

Altars:
Ashenzari
Cheibriados
Dithmenos
Elyvilon
Fedhas
Gozag
Hepliaklqana
Kikubaaqudgha
Makhleb
Nemelex Xobeh
Okawaru
Qazlal
Ru
Sif Muna
Trog
Uskayaw
Vehumet
Wu Jian
Xom
Yredelemnul
Zin
The Shining One
Jiyva

Shops:
D:3 *   D:5 :   D:10 }


Innate Abilities, Weirdness & Mutations

You are too large for most types of armour.
You have claws for hands.
Your metabolism is lightning-fast.
You like to eat raw meat.
Your natural rate of healing is unusually fast.
You are covered in fur. (AC +1)
You have extremely tough skin. (AC +3)


Message History

A troll comes into view.
You claw the enormous slime creature!
The enormous slime creature is heavily wounded.
The enormous slime creature closely misses you.
You claw the enormous slime creature!
The enormous slime creature is severely wounded.
The enormous slime creature barely misses you.
You barely miss the enormous slime creature.
The enormous slime creature is heavily wounded.
You eviscerate the enormous slime creature!!!
The enormous slime creature is severely wounded.
You hear a shout! x2; You hear two shouts!
The enormous slime creature closely misses you.
You mangle the enormous slime creature!!
The enormous slime creature is almost dead.
The enormous slime creature barely misses you.
You mangle the enormous slime creature!!
The enormous slime creature is almost dead.
The enormous slime creature hits you!!!
You die...

..................########
..........................
..........................
..........................
.<........................
..........................
#######..........
#.######### #@# #J# #F#
#T....... .........
.......... ...........
J........... J............


You could see an enormous slime creature, a troll and a bullfrog.

Vanquished Creatures
  A minotaur (Gauntlet)
  Snorg (D:11)
  2 two-headed ogres
  4 unseen horrors
  3 ugly things
  A manticore (D:11)
  4 slime creatures
  A rust devil (Gauntlet)
  3 elephants (Gauntlet)
  A torpor snail (Gauntlet)
  A centaur skeleton (D:11)
  A kobold demonologist (D:11)
  2 trolls
  2 hornets (D:11)
  A hippogriff (D:9)
  A shadow (D:11)
  A ynoxinul (Gauntlet)
  10 yaks
  A wraith (D:11)
  A wyvern (D:8)
  2 hogs (D:11)
  A human (D:11)
  3 hungry ghosts
  3 swamp worms (Gauntlet)
  7 orc warriors
  4 ice beasts
  A black bear (D:7)
  3 phantoms
  9 sky beasts
  5 ogres
  An eye of draining (D:10)
  3 necrophages
  8 centaurs
  A crocodile (D:11)
  A big kobold (D:7)
  An elf zombie (Ossuary)
  9 bullfrogs
  6 scorpions
  3 killer bees (D:11)
  5 howler monkeys
  A crimson imp (D:11)
  A bullfrog zombie (D:7)
  A quasit (D:11)
  5 centaur zombies
  7 hounds
  9 orc wizards
  3 human zombies (Ossuary)
  13 jellies
  2 bullfrog skeletons
  7 orc priests
  2 iron imps (Gauntlet)
  Ijyb (D:4)
  An iguana (D:8)
  7 worker ants
  A killer bee zombie (D:9)
  A big kobold zombie (Ossuary)
  A hound zombie (D:8)
  A hound skeleton (D:5)
  2 mummies (Ossuary)
  2 howler monkey zombies
  13 adders
  4 gnolls
  2 worker ant zombies
  2 shadow imps
  An adder skeleton (D:7)
  2 adder zombies
  4 worms
  A dart slug (D:1)
  7 leopard geckos
  37 orcs
  8 giant cockroaches
  10 hobgoblins
  19 jackals
  7 quokkas
  3 ball pythons
  6 bats
  2 frilled lizards (D:2)
  8 goblins
  5 hobgoblin zombies (Ossuary)
  3 jackal zombies (Ossuary)
  10 kobolds
  15 kobold zombies (Ossuary)
  7 orc zombies (Ossuary)
  A quokka skeleton (D:10)
  11 rats
374 creatures vanquished.

Vanquished Creatures (others)
  4 fungi (D:11)
  A plant (D:11)
5 creatures vanquished.

Grand Total: 379 creatures vanquished

Notes
Turn   | Place    | Note
-------+----------+-------------------------------------------
     0 | D:1      | mahrnol the Troll Fighter began the quest for the Orb.
     0 | D:1      | Reached XP level 1. HP: 22/22 MP: 0/0
   491 | D:1      | Reached XP level 2. HP: 29/29 MP: 1/1
   822 | D:2      | Reached XP level 3. HP: 31/36 MP: 2/2
   843 | D:2      | Reached skill level 3 in Unarmed Combat
   864 | D:2      | Lost intelligence.
   883 | D:2      | Noticed a scorpion
   893 | D:2      | Killed a scorpion
   893 | D:2      | Reached XP level 4. HP: 28/44 MP: 3/3
   962 | D:2      | Found a hide-covered altar of Uskayaw.
  1053 | D:2      | Found a shattered altar of Ashenzari.
  1461 | D:3      | Reached XP level 5. HP: 50/50 MP: 4/4
  1546 | D:3      | Found Gozag's Platinum Reserve.
  1552 | D:3      | Found an opulent altar of Gozag.
  1760 | D:3      | Found an ornate altar of the Wu Jian Council.
  1768 | D:3      | Became a worshipper of the Wu Jian Council
  1775 | D:3      | Found a deep blue altar of Sif Muna.
  1775 | D:3      | Found a blossoming altar of Fedhas.
  1785 | D:3      | Found a white marble altar of Elyvilon.
  1788 | D:3      | Found a sacrificial altar of Ru.
  1943 | D:4      | Reached skill level 4 in Unarmed Combat
  2038 | D:4      | Noticed a phantom
  2070 | D:4      | Killed a phantom
  2070 | D:4      | Reached XP level 6. HP: 48/59 MP: 5/5
  2258 | D:4      | Reached skill level 5 in Unarmed Combat
  2267 | D:4      | Reached XP level 7. HP: 66/66 MP: 6/6
  2360 | D:4      | Noticed Ijyb
  2379 | D:4      | Killed Ijyb
  2450 | D:4      | Reached skill level 1 in Stealth
  2528 | D:4      | Reached * piety under Wu Jian
  2608 | D:5      | Entered Level 5 of the Dungeon
  2615 | D:5      | Reached skill level 6 in Unarmed Combat
  2621 | D:5      | Found Locwizxa's Book Boutique.
  2787 | D:5      | Reached XP level 8. HP: 29/75 MP: 7/7
  3110 | D:6      | Found a basalt altar of Yredelemnul.
  3250 | D:6      | Reached skill level 7 in Unarmed Combat
  3513 | D:6      | Found a staircase to the Ecumenical Temple.
  3523 | D:6      | Reached ** piety under Wu Jian
  3529 | Temple   | Entered the Ecumenical Temple
  3706 | D:6      | HP: 2/75 [something (12)]
  3838 | D:6      | Killed an unseen horror
  3838 | D:6      | Reached skill level 5 in Dodging
  3838 | D:6      | Reached skill level 8 in Unarmed Combat
  3838 | D:6      | Reached XP level 9. HP: 78/83 MP: 8/8
  4418 | D:7      | Reached skill level 9 in Unarmed Combat
  4474 | D:7      | Reached skill level 5 in Shields
  4487 | D:7      | Found a sand-covered staircase.
  4492 | Ossuary  | Entered an ossuary
  4537 | Ossuary  | Reached *** piety under Wu Jian
  4904 | D:7      | Reached skill level 10 in Unarmed Combat
  4951 | D:7      | Reached **** piety under Wu Jian
  5249 | D:8      | Reached XP level 10. HP: 91/91 MP: 9/9
  5273 | D:8      | Reached skill level 1 in Armour
  5470 | D:8      | Reached skill level 11 in Unarmed Combat
  5850 | D:9      | Noticed a two-headed ogre
  5864 | D:9      | Killed a two-headed ogre
  5866 | D:9      | Reached ***** piety under Wu Jian
  6001 | D:9      | Reached skill level 12 in Unarmed Combat
  6165 | D:9      | Found a burning altar of Makhleb.
  6177 | D:9      | Found a glowing silver altar of Zin.
  6177 | D:9      | Noticed an angel
  6178 | D:9      | Noticed a green death
  6322 | D:9      | Found a staircase to the Orcish Mines.
  6345 | D:10     | Entered Level 10 of the Dungeon
  6376 | D:10     | Reached XP level 11. HP: 96/98 MP: 10/10
  6386 | D:10     | Found Iwof's Gadget Emporium.
  6518 | D:10     | Killed an unseen horror
  6958 | D:10     | Killed an unseen horror
  6958 | D:10     | Reached skill level 1 in Evocations
  7151 | D:11     | Found a gate leading to a gauntlet.
  7196 | Gauntlet | Entered a Gauntlet
  7196 | Gauntlet | Found a transporter.
  7196 | Gauntlet | Found a transporter.
  7196 | Gauntlet | Noticed a death scarab
  7196 | Gauntlet | Noticed a death scarab
  7200 | Gauntlet | Found a transporter.
  7204 | Gauntlet | Found a transporter.
  7224 | Gauntlet | Found a transporter.
  7228 | Gauntlet | Found a transporter.
  7235 | Gauntlet | Found a transporter.
  7255 | Gauntlet | Found a transporter.
  7261 | Gauntlet | Found a transporter.
  7279 | Gauntlet | Found a transporter.
  7321 | Gauntlet | Found a transporter.
  7330 | Gauntlet | Noticed a death drake
  7331 | Gauntlet | Found a transporter.
  7487 | Gauntlet | Reached skill level 13 in Unarmed Combat
  7706 | Gauntlet | Noticed a minotaur
  7721 | Gauntlet | Killed a minotaur
  7904 | D:11     | Noticed a brown ugly thing
  7919 | D:11     | Killed a brown ugly thing
  7927 | D:11     | Found a white marble altar of Elyvilon.
  7933 | D:11     | Paralysed by a hornet for 1 turns
  8060 | D:11     | Reached XP level 12. HP: 103/109 MP: 12/12
  8166 | D:11     | Noticed a two-headed ogre
  8180 | D:11     | Killed a two-headed ogre
  8180 | D:11     | Reached skill level 14 in Unarmed Combat
  8283 | D:11     | HP: 4/109 [poisoned by a green ugly thing]
  8496 | D:11     | Found a staircase to the Lair.
  8615 | D:11     | Noticed Snorg
  8625 | D:11     | Killed Snorg
  8625 | D:11     | Reached skill level 5 in Armour
  9057 | D:12     | Reached skill level 5 in Fighting
  9138 | D:12     | Mangled by an enormous slime creature

Skill      XL: |  1  2  3  4  5  6  7  8  9 10 11 12 |
---------------+-------------------------------------+-----
Unarmed Combat | 3 4 5 6 8 10 12 13 14 | 14.8
Dodging        | 3 4 5 |  5.8
Shields        | 3 4 5 6 7 |  7.6
Stealth        | 1 2 3 |  3.0
Fighting       | 3 4 5 |  5.0
Armour         | 2 4 5 |  5.5
Evocations     | 2 |  2.0
Throwing       | |  0.2

Action                   |  1- 3 |  4- 6 |  7- 9 | 10-12 || total
-------------------------+-------+-------+-------+-------++-------
Melee: Unarmed           |    89 |   202 |   483 |   687 ||  1461
Throw: Javelin           |       |       |       |     3 ||     3
Invok: Lunge             |       |     9 |    34 |    55 ||    98
       Whirlwind         |       |       |    71 |    38 ||   109
       Serpent's Lash    |       |       |       |     1 ||     1
  Use: Scroll            |       |     7 |       |     5 ||    12
       Potion            |       |       |       |     3 ||     3
 Stab: Sleeping          |       |     2 |     9 |       ||    11
       Distracted        |       |     1 |       |       ||     1
  Eat: Chunk             |    11 |    17 |    29 |    53 ||   110
Armor: Robe              |    37 |    62 |    46 |       ||   145
       Ice dragon scales |       |       |    69 |   308 ||   377
Dodge: Dodged            |    21 |    62 |    92 |   119 ||   294
Block: Shield            |    50 |   100 |   123 |   255 ||   528
